 Dungeon Sprint DCSS version 0.29-a0-221-gceb61267dd (webtiles) character file.

Game seed: 13377312132927520537

46 mhtbhm the Skirmisher (level 3, -1/26 HPs)
             Began as a Gargoyle Berserker on Feb 26, 2022.
             Was a Believer of Trog.
             Slain by a scorpion (8 damage)
             ... in the Dungeon (Sprint III: "The Ten Rune Challenge").
             The game lasted 00:00:17 (206 turns).

mhtbhm the Skirmisher (Gargoyle Berserker)           Turns: 206, Time: 00:00:18

Health: -1/26      AC:  5    Str: 22    XL:     3   Next: 68%
Magic:  3/3        EV: 12    Int:  7    God:    Trog [**....]
Gold:   16         SH:  0    Dex:  9    Spells: 2/2 levels left

rFire   . . .      SeeInvis .   a - +0 mace
rCold   . . .      Faith    .   (no shield)
rNeg    + . .      Spirit   .   b - +0 animal skin
rPois   ∞          Reflect  .   (no helmet)
rElec   +          Harm     .   (no cloak)
rCorr   .          Rampage  .   (no gloves)
Will    .....      NoTele   +   (no boots)
Stlth   +.........              (no amulet)
HPRegen 0.08/turn               (no ring)
MPRegen 0.08/turn               (no ring)

@: no status effects
A: sickness immunity, AC +3, negative energy resistance 1, electricity
resistance, torment resistance 1, petrification resistance
a: Renounce Religion, Berserk, Trog's Hand


You were in the Dungeon.
You worshipped Trog.
Trog was pleased with you.
You visited 1 branch You collected 16 gold pieces.

Inventory:

Hand Weapons
 a - a +0 mace (weapon)
Armour
 b - a +0 animal skin (worn)
Scrolls
 h - a scroll of blinking
 j - a scroll of silence {unknown}
Potions
 c - a potion of curing
 d - a potion of heal wounds
 e - a potion of haste
 f - 2 potions of magic
 g - a potion of berserk rage
 i - a potion of degeneration {unknown}


   Skills:
 + Level 5.5 Fighting
 + Level 5.3 Maces & Flails
 + Level 3.3 Armour
 + Level 2.3 Dodging
 + Level 0.4 Stealth


You had 2 spell levels left.
You didn't know any spells.
Your spell library was empty.

Dungeon Overview and Level Annotations

Branches:
Dungeon (1/1)

Altars:


Innate Abilities, Weirdness & Mutations

You are immune to sickness and miasma.
Your stone body is resilient. (AC +3)
You are immune to poison.
You resist negative energy. (rN+)
You are resistant to electric shocks. (rElec)
You are resistant to unholy torment.
You are immune to petrification.


Message History

You barely miss the human.
The human is severely wounded.
The human hits you.
You thump the human!
You kill the human!
Trog accepts your kill.
Your Maces & Flails skill increases to level 5!
No target in view!
No target in view!
No target in view!
No target in view!
No target in view!
No target in view!
No target in view!
No target in view!
You feel a strong urge to attack something.
You are no longer berserk.
You are exhausted.
You feel yourself slow down.
You start resting.
You start resting.
You feel yourself speed up.
You start resting.
You recover from your berserk rage.
You hit the scorpion but do no damage. The scorpion stings you.
You closely miss the scorpion. The scorpion closely misses you.
You barely miss the scorpion. The scorpion barely misses you.
The scorpion stings you.
You closely miss the scorpion. The scorpion stings you.
You completely miss the scorpion. The scorpion barely misses you.
You hit the scorpion but do no damage. The scorpion stings you.
The scorpion misses you.
You completely miss the scorpion. The scorpion stings you.
You barely miss the scorpion. The scorpion stings you!
* * * LOW HITPOINT WARNING * * *
The scorpion barely misses you.
You thump the scorpion!
The scorpion is heavily wounded.
The scorpion stings you!
You die...

▓...#......##
▓..##...)...# .#
▓##.##.##...# .#
##.##.###..# ..#
▓#.####.##..# ...+
▓.###..##..##
#...# ▓#.....##†.#
#....#
###..##...##.....#
##†.##....#@s....#
#..###..##.#.....#
#..# #.. ####....#
▓▓▓▓ ▓▓▓ ▓▓▓▓▓


You could see a scorpion.

Vanquished Creatures
  Jessica (D)
  A human (D)
  An endoplasm (D)
  2 rats (D)
5 creatures vanquished.

Notes
Turn   | Place    | Note
-------+----------+-------------------------------------------
     0 | D        | mhtbhm the Gargoyle Berserker began the quest for the Orb.
     0 | D        | Reached XP level 1. HP: 14/14 MP: 1/1
    25 | D        | Noticed Jessica
    29 | D        | Killed Jessica
    29 | D        | Reached ** piety under Trog
    30 | D        | Reached skill level 5 in Fighting
    30 | D        | Reached XP level 2. HP: 15/21 MP: 2/2
    30 | D        | Reached XP level 3. HP: 19/26 MP: 3/3
   134 | D        | Noticed a scorpion
   147 | D        | Reached skill level 5 in Maces & Flails
   206 | D        | Slain by a scorpion

Illustrated notes

Levels and vault maps discovered:
D:        dungeon_sprint_mu [sprint_mu_entry_cave, sprint_mu_temple_rooms,
          sprint_mu_d1_horrors, sprint_mu_d2_genie, sprint_mu_d3_branching,
          sprint_mu_orc_legion, sprint_mu_elf_gauntlet, sprint_mu_hive_nellie,
          sprint_mu_lair_fedhas, sprint_mu_vaults_butterflies,
          sprint_mu_slime_circle, sprint_mu_swamp_cave, sprint_mu_snake_twists,
          sprint_mu_blade_basic, sprint_mu_crypt_chambers,
          sprint_mu_tomb_spiral, sprint_mu_vestibule_basic,
          sprint_mu_gehenna_hellfire, sprint_mu_dis_giant,
          sprint_mu_tartarus_statrot, sprint_mu_cocytus_islands, sprint_mu_zot1]

Skill      XL: |  1  2  3 |
---------------+----------+-----
Fighting       | 5 |  5.5
Maces & Flails | 4 5 |  5.3
Armour         | 3 |  3.3
Dodging        | 2 |  2.3
Stealth        | |  0.4

Action                   || total
-------------------------++-------
Melee: Mace              ||    28
Invok: Berserk           ||     1
 Stab: Sleeping          ||     1
Armor: Animal skin       ||     3
Dodge: Dodged            ||    12

Table legend: (Time is in decaauts)
 A = Elapsed time spent in this place.
 B = Non-inter-level travel time spent in this place.
 C = Inter-level travel time spent in this place.
 D = Time resting spent in this place.
 E = Time spent auto-exploring this place.
 F = Levels seen in this place.
 G = Mean time per level.
                   A        B        C        D        E       F      G
               +--------+--------+--------+--------+--------+-----+--------+
         Total |    221 |    221 |      0 |     61 |    105 |   1 |  221.0 |
       Dungeon |    221 |    221 |      0 |     61 |    105 |   1 |  221.0 |
               +--------+--------+--------+--------+--------+-----+--------+

Top non-repeatable levels by time:
       D: 221 daAuts
